 Dungeon Crawl Stone Soup version 0.31-a0-267-g3fc6992b3b (webtiles) character file.

Game seed: 17193451337832445044

126 qw the Shooter (level 4, -5/36 HPs)
             Began as a Minotaur Hexslinger on July 14, 2023.
             Killed by divine providence
             ... invoked by an orc priest
              (12 damage)
             ... on level 4 of the Dungeon.
             The game lasted 00:00:41 (1936 turns).

qw the Shooter (Minotaur Hexslinger)                Turns: 1936, Time: 00:00:42

Health: -5/36      AC:  6    Str: 12    XL:     4   Next: 84%
Magic:  4/4        EV: 11    Int: 10    God:
Gold:   17         SH:  0    Dex: 15    Spells: 4/5 levels left

rFire   . . .        Y - +6 hand crossbow (drain)
rCold   . . .        (no shield)
rNeg    . . .        m - +0 ring mail
rPois   .            (helmet restricted)
rElec   .            h - +0 cloak
rCorr   .            (no gloves)
SInv    .            (no boots)
Will    +....        (no amulet)
Stlth   +            j - ring of willpower
HPRegen 0.26/turn    (no ring)
MPRegen 0.09/turn

%: no passive effects
@: no status effects
A: horns 2, retaliatory headbutt
a: no special abilities


You were on level 4 of the Dungeon.
You visited 1 branch of the dungeon, and saw 4 of its levels.

You collected 114 gold pieces.
You spent 97 gold pieces at shops.


Innate Abilities, Weirdness & Mutations

You have a pair of horns on your head.
You reflexively headbutt those who attack you in melee.


   Skills:
 - Level 2.0 Fighting
 + Level 4.9 Ranged Weapons
 - Level 2.1 Armour
 - Level 2.1 Dodging
 - Level 1.0 Spellcasting
 - Level 2.0 Hexes


You had 4 spell levels left.
You knew the following spells:

 Your Spells              Type           Power      Damage    Failure   Level
a - Slow                  Hex            16%        N/A       32%         1

Your spell library contained the following spells:

 Spells                   Type           Power      Damage    Failure   Level
 Inner Flame              Hex/Fire       2%         N/A       83%         3
 Portal Projectile        Hex/Tloc       4%         N/A       83%         3
 Cause Fear               Hex            2%         N/A       97%         4

Inventory:

Hand Weapons
 Y - a +6 hand crossbow of draining (weapon)
Armour
 h - a +0 cloak (worn)
 m - a +0 ring mail (worn)
Jewellery
 j - a ring of willpower (left hand)
Scrolls
 g - a scroll of identify
Potions
 b - a potion of mutation {unknown}
 d - a potion of curing {unknown}
 e - a potion of ambrosia {unknown}
 i - a potion of heal wounds {unknown}
 k - a potion of lignification {unknown}
 l - a potion of berserk rage {unknown}
 o - a potion of attraction {unknown}

Dungeon Overview and Level Annotations

Branches:
Dungeon (4/15)
 Temple: D:4-7

Altars:

Shops:
D:3 ?


Message History

The orc priest looks encouraged for a moment.
Things that are here:
a +0 hand axe; a +0 chain mail You shoot a bolt.
The bolt hits the jelly.
You drain the jelly.
The jelly is lightly wounded.
An orc priest comes into view. It is wielding a +0 whip.
An orc comes into view. It is wielding a +0 club.
The orc moves out of view.
1928 ||| Stepping ~*~*~tactically~*~*~ (outnumbered).
A jelly and an orc priest come into view.
The orc priest shouts!
The orc priest miscasts a cantrip.
The jelly misses you.
The orc priest moves out of view.
Things that are here:
a +0 hand axe; a +0 chain mail You shoot a bolt.
The bolt hits the jelly!
You drain the jelly.
You kill the jelly!
Your Armour skill gained 2 levels and is now at level 2!
You shoot a bolt. The bolt closely misses the orc priest.
The orc priest hits you with a +0 flail!
The orc priest hits you with a +0 flail.
You shoot a bolt. The bolt barely misses the orc priest.
The orc priest closely misses you.
1933 ||| Stepping ~*~*~tactically~*~*~ (outnumbered).
The orc priest attacks as you move away!
The orc priest hits you with a +0 flail!
You shoot a bolt. The bolt barely misses the orc priest.
The orc priest miscasts a cantrip.
You shoot a bolt. The bolt hits the orc!
You kill the orc!
The orc priest calls down the wrath of Beogh upon you.
You resist with some effort. The orc priest closely misses you.
The orc priest invokes the aid of Beogh against you.
Beogh smites you!
You shoot a bolt. The bolt hits the orc priest!
You kill the orc priest!
A kobold comes into view. It is wielding a +0 short sword.
The orc priest mumbles some strange prayers to Beogh against you.
Beogh smites you!
You die...

# # ###.#..
#.##.####.....#
..K...%#o.o...#
##@#....[#
#.)#oo....#
#<.#.....##
#...#.###.#
#...##. . #...#
.. #.... ..
#>>..# #....#


You could see 2 orc priests and a kobold (wandering).

Vanquished Creatures
  A jelly (D:4)
  An orc priest (D:4)
  An orc wizard (D:3)
  An adder (D:2)
  3 dart slugs
  4 orcs
  10 bats
  4 endoplasms
  3 giant cockroaches (D:1)
  5 goblins
  A hobgoblin (D:1)
  4 jackals (D:2)
  3 quokkas
  3 frilled lizards
  3 kobolds
  4 rats
51 creatures vanquished.

Notes
Turn   | Place    | Note
-------+----------+-------------------------------------------
     0 | D:1      | qw the Minotaur Hexslinger began the quest for the Orb.
     0 | D:1      | Reached XP level 1. HP: 16/16 MP: 1/1
     0 | D:1      | 0 ||| qw: Version: 0.3-a-52-g30416fa
     0 | D:1      | 0 ||| qw: Game counter: 7853
     0 | D:1      | 0 ||| qw: Melee chars always use a shield: true
     0 | D:1      | 0 ||| qw: God list: Okawaru
     0 | D:1      | 0 ||| qw: Allow faded altars: false
     0 | D:1      | 0 ||| qw: Do Orc after clearing Dungeon:15 true
     0 | D:1      | 0 ||| qw: Do second Lair branch before Depths: true
     0 | D:1      | 0 ||| qw: Lair rune preference: random
     0 | D:1      | 0 ||| qw: Goals: Normal
     0 | D:1      | 0 ||| PLANNING D:1-11
   149 | D:1      | Reached skill level 3 in Ranged Weapons
   149 | D:1      | Reached XP level 2. HP: 23/23 MP: 2/2
   521 | D:1      | Found a faded altar of an unknown god.
   535 | D:1      | 535 ||| UPGRADING to +0 cloak.
   540 | D:1      | 540 ||| UPGRADING to ring of willpower.
   541 | D:1      | 541 ||| READING scroll labelled ULOSIPL DEWK.
   542 | D:1      | 542 ||| READING 2 scrolls labelled EJUETOI NUPN.
   543 | D:1      | 543 ||| READING scroll labelled YMASACHIEG.
   544 | D:1      | 544 ||| DROPPING scroll of poison.
   545 | D:1      | 545 ||| DROPPING scroll of immolation.
   645 | D:2      | 645 ||| FLEEEEING.
   646 | D:2      | 646 ||| FLEEEEING.
   715 | D:2      | Reached XP level 3. HP: 29/29 MP: 3/3
   783 | D:2      | Reached skill level 4 in Ranged Weapons
  1156 | D:2      | 1156 ||| UPGRADING to +0 leather armour.
  1166 | D:2      | 1166 ||| DROPPING +0 robe.
  1167 | D:2      | 1167 ||| READING scroll labelled ZYB YROPPOC.
  1167 | D:2      | Identified a scroll of acquirement
  1167 | D:2      | 1167 ||| ACQUIRING +5 hand crossbow of draining
  1167 | D:2      | Acquired a +5 hand crossbow of draining
  1169 | D:2      | 1169 ||| SWAPPING to +5 hand crossbow of draining.
  1170 | D:2      | 1170 ||| DROPPING +2 sling.
  1289 | D:3      | Found Naissut's Magic Scroll Emporium.
  1295 | D:3      | 1295 ||| BUYING scroll of enchant weapon (97 gold).
  1295 | D:3      | Bought a scroll of enchant weapon for 97 gold pieces
  1295 | D:3      | 1295 ||| SHOPLISTING scroll of identify (26 gold, have 17).
  1295 | D:3      | 1295 ||| READING scroll of enchant weapon.
  1295 | D:3      | 1295 ||| ENCHANTING +5 hand crossbow of draining.
  1428 | D:3      | Reached XP level 4. HP: 36/36 MP: 4/4
  1850 | D:3      | 1850 ||| UPGRADING to +0 ring mail.
  1860 | D:3      | 1860 ||| DROPPING +0 leather armour.
  1861 | D:3      | 1861 ||| READING 2 scrolls labelled FOENEGG ESUMA.
  1862 | D:3      | 1862 ||| READING scroll labelled JIMINK RUUSH.
  1863 | D:3      | 1863 ||| DROPPING scroll of fear.
  1928 | D:4      | 1928 ||| Stepping ~*~*~tactically~*~*~ (outnumbered).
  1933 | D:4      | 1933 ||| Stepping ~*~*~tactically~*~*~ (outnumbered).
  1935 | D:4      | HP: 7/36 [orc priest/divine providence (11)]
  1936 | D:4      | Killed from afar by an orc priest

Levels and vault maps discovered:
D:1:      dpeg_arrival_stone_temple_mockup, layout_basic,
          nicolae_ecumenical_lake_church
D:2:      layout_loops_cross
D:3:      layout_loops_cross, serial_shops, shop, lemuel_flame_loot_1
D:4:      nicolae_BIG_FREAKIN_CUBE, layout_loops_ring,
          lemuel_coloured_pillars_altar, serial_shops, nicolae_shop_peninsula

Skill      XL: |  1  2  3  4 |
---------------+-------------+-----
Ranged Weapons | 3 4 |  4.9
Fighting       | 2 |  2.0
Armour         | 2 |  2.1
Dodging        | |  2.1
Spellcasting   | |  1.0
Hexes          | |  2.0

Action                     |  1- 3 |  4- 6 || total
---------------------------+-------+-------++-------
   Fire: Sling             |    79 |       ||    79
         Hand crossbow     |    12 |    24 ||    36
    Use: Scroll            |     5 |     2 ||     7
 Armour: Robe              |     4 |       ||     4
         Leather armour    |     1 |     3 ||     4
         Ring mail         |       |     2 ||     2
  Dodge: Dodged            |    22 |    11 ||    33

Table legend:
 A = Non-vault XP
 B = Vault XP
 C = Vault XP percentage of total XP
 D = Non-vault monster count
 E = Vault monster count
 F = Vault count percentage of total count
                 A         B        C        D         E       F
            +---------+---------+-------+---------+---------+-------
      Total |     221 |       0 |   0.0 |      51 |       0 |   0.0
            +---------+---------+-------+---------+---------+-------
        D:1 |      27 |       0 |   0.0 |      16 |       0 |   0.0
        D:2 |      41 |       0 |   0.0 |      14 |       0 |   0.0
        D:3 |      63 |       0 |   0.0 |      16 |       0 |   0.0
        D:4 |      90 |       0 |   0.0 |       5 |       0 |   0.0
            +---------+---------+-------+---------+---------+-------
